 Dungeon Crawl Stone Soup version 0.27-b1-23-g44b8eac545 (webtiles) character file.

Game seed: 12103364529183419869

34654 mhtbhm the Cleaver (level 13, -4/122 HPs)
             Began as a Minotaur Hunter on July 27, 2021.
             Was a High Priest of Ru.
             Slain by an eight-headed hydra (12 damage)
             ... on level 4 of the Lair of Beasts on July 28, 2021.
             The game lasted 00:39:27 (20519 turns).

mhtbhm the Cleaver (Minotaur Hunter)               Turns: 20519, Time: 00:39:28

Health: -4/122     AC:  6    Str: 22    XL:     13   Next: 43%
Magic:  12/12      EV: 14    Int:  8    God:    Ru [*****.]
Gold:   923        SH:  5    Dex: 11    Spells: 12/12 levels left

rFire    x . .     SeeInvis .   a - +1 hand crossbow
rCold    x . .     Faith    .   (no shield)
rNeg     . . .     Spirit   .   c - +0 leather armour
rPois    +         Reflect  +   i - +0 hat
rElec    .         Harm     .   M - +0 cloak {rCorr}
rCorr    +         Rampage  .   r - +0 pair of gloves
Will     .....                  (no boots)
Stlth    +.........             u - amulet of reflection
HPRegen  0.30/turn              v - +4 ring of slaying
MPRegen  0.13/turn              y - ring of poison resistance

@: no status effects
A: horns 2, hated by all, no earth magic, no translocations magic, no
transmutations magic, temperature sensitive, retaliatory headbutt
a: Renounce Religion, Draw Out Power, Power Leap, Apocalypse


You were on level 4 of the Lair of Beasts.
You worshipped Ru.
Ru was extremely pleased with you.
You visited 2 branches of the dungeon, and saw 15 of its levels.

You collected 923 gold pieces.

Inventory:

Hand Weapons
 a - a +1 hand crossbow (weapon)
 b - the +10 war axe of Popular Demand {vorpal, rN++ Stlth+}
   (You found it on level 9 of the Dungeon)

   It inflicts extra damage upon your enemies.
   rN:        It greatly protects you from negative energy.
   Stlth:     It makes you more stealthy.
 Q - a +3 morningstar of holy wrath
Missiles
 d - 46 bolts (quivered ammo)
 m - 9 silver boomerangs
 B - 3 throwing nets
 E - 10 curare-tipped darts
Armour
 c - a +0 leather armour (worn)
 i - a +0 hat (worn)
 r - a +0 pair of gloves (worn)
 M - a +0 cloak of preservation (worn)
Jewellery
 u - an amulet of reflection (around neck)
 v - a +4 ring of slaying (left hand)
 x - a +4 ring of protection
 y - a ring of poison resistance (right hand)
 F - a ring of protection from fire
 N - an amulet of faith
 R - a ring of ice
 U - a ring of protection from cold
Wands
 D - a wand of paralysis (14)
 I - a wand of acid (11)
 K - a wand of flame (44)
Scrolls
 f - 3 scrolls of enchant armour
 g - a scroll of enchant weapon
 h - a scroll of torment
 j - 2 scrolls of immolation
 l - a scroll of silence
 n - a scroll of blinking
 p - 3 scrolls of teleportation
 q - 5 scrolls of amnesia
 s - a scroll of holy word {unknown}
 H - 3 scrolls of fear {unknown}
 O - a scroll of acquirement {unknown}
 S - a scroll of fog {unknown}
Potions
 e - 2 potions of mutation
 k - a potion of cancellation
 o - 3 potions of curing
 w - 3 potions of flight
 z - a potion of heal wounds
 A - 2 potions of brilliance {unknown}
 C - 2 potions of ambrosia
 G - a potion of might {unknown}
 J - 2 potions of magic {unknown}
 L - 3 potions of degeneration {unknown}
 T - a potion of haste
Miscellaneous
 t - a box of beasts
 P - a condenser vane (inert)


   Skills:
 + Level 13.4 Fighting
 + Level 13.7(14.8) Axes
 + Level 10.0(13.0) Maces & Flails
 + Level 11.5 Crossbows
 + Level 0.3 Throwing
 + Level 7.7 Armour
 + Level 7.9 Dodging
 - Level 1.1 Stealth
 + Level 5.0 Shields
 + Level 0.7 Evocations


You had 12 spell levels left.
You didn't know any spells.
Your spell library contained the following spells:

 Spells                   Type           Power      Damage    Failure   Level
 Corpse Rot               Necr/Air       N/A        N/A       58%         2
 Poisonous Vapours        Pois/Air       0%         N/A       58%         2
 Frozen Ramparts          Ice            0%         1d2       82%         3
 Freezing Cloud           Conj/Ice/Air   0%         6-21      100%        5
 Polar Vortex             Ice            0%         N/A       100%        9
 Ice Form                 Ice/Tmut       Unusable   N/A       N/A         4
 Summon Ice Beast         Ice/Summ       Unusable   N/A       N/A         4
 Simulacrum               Ice/Necr       Unusable   N/A       N/A         6

Dungeon Overview and Level Annotations

Branches:
Dungeon (11/15)            Temple (0/1) D:4            Lair (4/6) D:9
  Swamp (0/4) Lair:3        Snake (0/4) Lair:4          Orc (0/2) D:9

Altars:
Ashenzari
Cheibriados
Fedhas
Gozag
Nemelex Xobeh
Okawaru
Qazlal
Ru
Uskayaw
Vehumet
Wu Jian
Zin
The Shining One

Shops:
D:7 (   D:9 =


Innate Abilities, Weirdness & Mutations

You have a pair of horns on your head.
You are hated by all.
You cannot study or cast Earth magic.
You cannot study or cast Translocations magic.
You cannot study or cast Transmutations magic.
You are sensitive to extremes of temperature. (rF-, rC-)
You reflexively headbutt those who attack you in melee.


Message History

The acid corrodes the eight-headed hydra!
The eight-headed hydra is heavily wounded.
Fire: 50 bolts
Press: ? - help, Q - select action, (/) - cycle Shift-Dir - straight line, f/p - eight-headed hydra
Aim: an eight-headed hydra (heavily wounded, covered in acid, 85% to hit)
You shoot a bolt. The bolt hits the eight-headed hydra!!
The eight-headed hydra is almost dead.
Unknown command.
Fire: 49 bolts
Press: ? - help, Q - select action, (/) - cycle Shift-Dir - straight line, f/p - eight-headed hydra
Aim: an eight-headed hydra (almost dead, covered in acid, 85% to hit)
You shoot a bolt. The bolt hits the eight-headed hydra.
The eight-headed hydra is almost dead.
Unknown command.
Fire: 48 bolts
Press: ? - help, Q - select action, (/) - cycle Shift-Dir - straight line, f/p - eight-headed hydra
Aim: an eight-headed hydra (almost dead, covered in acid, 85% to hit)
You shoot a bolt. The bolt hits the eight-headed hydra.
The eight-headed hydra is almost dead.
The eight-headed hydra closely misses you.
The eight-headed hydra bites you!
You block the eight-headed hydra's attack.
The eight-headed hydra bites you but does no damage.
The eight-headed hydra bites you! x3
The eight-headed hydra bites you but does no damage.
Unknown command.
Fire: 47 bolts
Press: ? - help, Q - select action, (/) - cycle Shift-Dir - straight line, f/p - eight-headed hydra
Aim: an eight-headed hydra (almost dead, covered in acid, 85% to hit)
You shoot a bolt. The bolt hits the eight-headed hydra.
The eight-headed hydra is almost dead.
The eight-headed hydra bites you but does no damage.
The eight-headed hydra bites you! x3
* * * LOW HITPOINT WARNING * * *
The eight-headed hydra bites you.
* * * LOW HITPOINT WARNING * * *
The eight-headed hydra bites you!
* * * LOW HITPOINT WARNING * * *
The eight-headed hydra bites you!
You die...

.......... ....#..#.#..
......... ..####......
...#..... #....#.
......(.# #...###
........# ##..# #
....(((.###### ##...###
.....(((.##..####.P.....
......(D(.(.P..##.......
.....##@((.....[......#.
.......(.(÷........†.##.
.........((..........###
......#...(...........##
..........÷P.P.##...#.##
#..#.................###
###...................#.
##....................
#.....................


You could see an eight-headed hydra (corroded).

Vanquished Creatures
  Gastronok (Lair:3)
  A hydra (Lair:4)
  The ghost of Skivuli the Cruncher, a journeyman FoFi of Okawaru (D:10)
  2 two-headed ogres (D:11)
  Sonja (Lair:2)
  A bog body (Lair:3)
  An oklob plant (Lair:2)
  Maurice (D:9)
  4 black mambas
  11 cane toads
  A gargoyle (D:11)
  2 centaur zombies
  7 komodo dragons
  A rime drake (Lair:3)
  3 trolls
  A hornet (D:9)
  13 blink frogs
  Prince Ribbit (D:6)
  4 shadows
  The ghost of ZARRMARR the Bolt Thrower, an amateur MiHu (D:3)
  33 yaks
  A wraith (D:9)
  4 wyverns
  A basilisk (Lair:3)
  A steam dragon (Lair:4)
  Grum (D:10)
  7 vampire mosquitoes (D:10)
  16 water moccasins
  A black bear (D:4)
  4 orc warriors
  2 ice beasts
  2 sky beasts
  4 ogres
  7 centaurs
  36 wolves
  4 kobold brigands (D:9)
  13 bullfrogs
  A gnoll sergeant (D:10)
  5 scorpions
  2 water moccasin skeletons
  2 troll zombies (D:9)
  18 killer bees
  4 wights (D:6)
  2 howler monkeys
  2 lava snakes (Lair:4)
  A jelly (D:5)
  2 hounds
  2 centaur skeletons
  6 orc priests
  A bullfrog skeleton (D:6)
  3 gnoll shamans
  An iguana (D:5)
  9 orc wizards
  4 ogre zombies (D:9)
  A hound skeleton (D:4)
  20 gnolls
  9 adders
  A white imp (D:6)
  An ufetubus (D:5)
  An adder skeleton (D:4)
  2 worms
  4 dart slugs
  30 orcs
  5 ball pythons
  8 endoplasms
  6 giant cockroaches
  13 goblins
  4 hobgoblins
  9 jackals
  3 quokkas
  5 bats
  3 frilled lizards
  5 goblin zombies (D:9)
  2 hobgoblin skeletons (D:9)
  2 hobgoblin zombies (D:9)
  23 kobolds
  An orc skeleton (D:9)
  8 orc zombies (D:9)
  6 rats
432 creatures vanquished.

Vanquished Creatures (others)
  A hydra (Lair:1)
  A goblin zombie (D:9)
  2 kobolds (D:9)
  55 fungi
  58 plants
117 creatures vanquished.

Grand Total: 549 creatures vanquished

Notes
Turn   | Place    | Note
-------+----------+-------------------------------------------
     0 | D:1      | mhtbhm the Minotaur Hunter began the quest for the Orb.
     0 | D:1      | Reached XP level 1. HP: 18/18 MP: 0/0
   251 | D:1      | Reached XP level 2. HP: 25/25 MP: 1/1
   518 | D:1      | Reached skill level 5 in Crossbows
   811 | D:2      | Reached XP level 3. HP: 25/30 MP: 2/2
  1197 | D:2      | Reached skill level 1 in Stealth
  1466 | D:2      | Found a faded altar of an unknown god.
  1469 | D:2      | Became a worshipper of Ru the Awakened
  1479 | D:2      | Gained mutation: You are hated by all. [Ru sacrifice]
  1479 | D:2      | Reached * piety under Ru
  1479 | D:2      | Reached ** piety under Ru
  1528 | D:2      | Reached XP level 4. HP: 37/37 MP: 3/3
  1570 | D:2      | Reached skill level 1 in Maces & Flails
  1980 | D:3      | Reached skill level 1 in Armour
  2158 | D:3      | Found a stormy altar of Qazlal.
  2313 | D:4      | Noticed a black bear
  2322 | D:4      | Killed a black bear
  2323 | D:4      | Reached XP level 5. HP: 31/45 MP: 4/4
  2430 | D:4      | Noticed an ice beast
  2471 | D:4      | Killed an ice beast
  2472 | D:4      | Reached XP level 6. HP: 15/52 MP: 5/5
  2826 | D:4      | Found a staircase to the Ecumenical Temple.
  3070 | D:4      | Reached XP level 7. HP: 56/59 MP: 6/6
  3270 | D:3      | Found an ornate altar of the Wu Jian Council.
  3800 | D:3      | Found a runed translucent door.
  3801 | D:3      | Noticed ZARRMARR's ghost (amateur MiHu)
  4251 | D:3      | Killed ZARRMARR's ghost
  4252 | D:3      | Reached skill level 5 in Maces & Flails
  4472 | D:5      | Entered Level 5 of the Dungeon
  4528 | D:5      | Reached skill level 5 in Fighting
  4758 | D:5      | Reached XP level 8. HP: 69/69 MP: 7/7
  4995 | D:5      | Gained mutation: You are sensitive to extremes of
                  | temperature. (rF-, rC-) [Ru sacrifice]
  4995 | D:5      | Reached *** piety under Ru
  4995 | D:5      | Reached **** piety under Ru
  5186 | D:5      | Reached skill level 1 in Shields
  5412 | D:5      | Found a radiant altar of Vehumet.
  5412 | D:5      | Found an iron altar of Okawaru.
  5412 | D:5      | Found a sacrificial altar of Ru.
  5415 | D:5      | Found an opulent altar of Gozag.
  5853 | D:6      | Reached XP level 9. HP: 66/78 MP: 8/8
  5985 | D:6      | Noticed Prince Ribbit
  5995 | D:6      | Killed Prince Ribbit
  6726 | D:6      | Found a snail-covered altar of Cheibriados.
  7289 | D:7      | Found a broken altar of Ashenzari.
  7346 | D:7      | Reached skill level 5 in Dodging
  7647 | D:7      | Reached skill level 5 in Armour
  7652 | D:7      | Found a glowing silver altar of Zin.
  7771 | D:7      | Gained mutation: You cannot study or cast Earth magic. [Ru
                  | sacrifice]
  7771 | D:7      | Gained mutation: You cannot study or cast Transmutations
                  | magic. [Ru sacrifice]
  7771 | D:7      | Gained mutation: You cannot study or cast Translocations
                  | magic. [Ru sacrifice]
  7771 | D:7      | Reached ***** piety under Ru
  7984 | D:7      | Found Tiziase's Antique Weapon Shoppe.
  8021 | D:7      | Found a glowing golden altar of the Shining One.
  8227 | D:8      | Reached skill level 10 in Crossbows
  8252 | D:8      | Reached XP level 10. HP: 32/88 MP: 9/9
  8758 | D:8      | Found a sparkling altar of Nemelex Xobeh.
  9557 | D:9      | Paralysed by a hornet for 1 turns
  9821 | D:9      | Found a staircase to the Orcish Mines.
  9841 | D:9      | Reached skill level 10 in Fighting
 10077 | D:9      | Noticed Maurice
 10091 | D:9      | Killed Maurice
 10190 | D:9      | Reached XP level 11. HP: 98/100 MP: 10/10
 10221 | D:9      | Found a staircase to the Lair.
 10278 | D:9      | Found Woushini's Jewellery Emporium.
 10341 | D:9      | Identified the +10 war axe of Popular Demand {vorpal, rN++
                  | Stlth+}
 10838 | D:10     | Entered Level 10 of the Dungeon
 11018 | D:10     | Reached skill level 1 in Axes
 11073 | D:10     | Reached skill level 10 in Maces & Flails
 11318 | D:10     | Noticed Skivuli's ghost (journeyman FoFi)
 11331 | D:10     | Found a runed translucent door.
 11358 | D:10     | Killed Skivuli's ghost
 11690 | D:10     | Found a hide-covered altar of Uskayaw.
 11708 | D:10     | Noticed Grum
 11715 | D:10     | Killed Grum
 12377 | D:11     | Noticed a two-headed ogre
 12384 | D:11     | Killed a two-headed ogre
 12385 | D:11     | Reached skill level 5 in Axes
 12744 | D:11     | Noticed a two-headed ogre
 12875 | D:11     | Killed a two-headed ogre
 14191 | Lair:1   | Entered Level 1 of the Lair of Beasts
 14540 | Lair:1   | Reached XP level 12. HP: 66/111 MP: 11/11
 15237 | Lair:1   | Noticed a six-headed hydra
 15250 | Lair:1   | Killed a six-headed hydra
 15537 | Lair:1   | Reached skill level 10 in Axes
 17101 | Lair:2   | Noticed Sonja
 17116 | Lair:2   | Killed Sonja
 17825 | Lair:3   | Reached XP level 13. HP: 103/119 MP: 12/12
 18164 | Lair:3   | Found a staircase to the Swamp.
 18439 | Lair:3   | Noticed Gastronok
 18455 | Lair:3   | Killed Gastronok
 19384 | Lair:4   | Found a staircase to the Snake Pit.
 20112 | Lair:4   | HP: 6/122 [eight-headed hydra (11)]
 20117 | Lair:4   | Reached skill level 5 in Shields
 20519 | Lair:4   | Slain by an eight-headed hydra

Illustrated notes

Levels and vault maps discovered:
D:1:      ebering_trefoil_twist, layout_basic, minmay_distorted
D:2:      layout_loops_ring, chequers_ecumenical_altar_twisty,
          grunt_ministairs_1
D:3:      kennysheep_the_goblin_king, layout_basic,
          grunt_temple_overflow_forces_of_nature, mainiacjoe_overflow_boulevard,
          ebering_ghost_reflecting_pool, kennysheep_another_room
D:4:      layout_rooms, minmay_temple_entry_overgrown, eino_tiny_chamber
D:5:      layout_basic, minitemple
D:6:      layout_basic, mainiacjoe_overflow_surrounded_room, uniq_prince_ribbit1
D:7:      layout_rooms, mainiacjoe_overflow_small_starburst, tso_altar,
          evilmike_ruin_ashenzari, chequers_jeans, grunt_decor_fettered,
          kennysheep_nondescript, nicolae_benzene_ring, nicolae_stop_n_shop_1
D:8:      layout_cave_pools, overflow_temple_1_default
D:9:      layout_stronghold, grunt_lair_entry_orc_guard_hut, zombieorc1_lemuel,
          serial_shops, kennysheep_mini, grunt_ministairs_14, uniq_maurice
D:10:     layout_grid_maze, nicolae_uskayaw_murder_on_the_dancefloor,
          serial_co_window_serial, co_window_paths_a, co_window_corner_a,
          co_window_paths_a, co_window_paths_b, co_window_of_opportunity_a,
          co_window_paths_a, co_window_cross_4, co_window_of_opportunity_b,
          co_window_unsneaky_path_b, co_window_sun, co_window_4corner_b,
          glass_columns_b, glass_columns_a, hellmonk_ghost_happy_afterlife,
          st_stairs_13, uniq_grum
D:11:     layout_grid_maze
Lair:1:   layout_loops_ring, amcnicky_mini_pool_medium
Lair:2:   wander_river, layout_regular_city, grunt_megastairs_3,
          minmay_lair_oklob_chamber, uniq_sonja
Lair:3:   layout_chaotic_city, skrybe_swamp_entry_bodies, serial_rivers,
          chequers_serial_rivers_micro_c, chequers_serial_rivers_micro_a,
          chequers_serial_rivers_micro_b, chequers_serial_rivers_large_a,
          hibernation_bobbens, uniq_gastronok
Lair:4:   layout_gridlike, minmay_snake_entry_six_corridors

Skill      XL: |  1  2  3  4  5  6  7  8  9 10 11 12 13 |
---------------+----------------------------------------+-----
Crossbows      | 5 6 9 10 11 | 11.5
Stealth        | 1 |  1.1
Maces & Flails | 3 4 5 6 7 9 10 | 10.0
Fighting       | 3 4 5 6 7 10 11 12 13 | 13.4
Armour         | 2 3 4 5 6 7 |  7.7
Dodging        | 3 4 5 6 7 |  7.9
Shields        | 1 2 3 4 5 |  5.0
Axes           | 8 12 13 | 13.7
Throwing       | |  0.3
Evocations     | |  0.7

Action                   |  1- 3 |  4- 6 |  7- 9 | 10-12 | 13-15 || total
-------------------------+-------+-------+-------+-------+-------++-------
Melee: Whip              |    69 |    83 |   129 |    48 |       ||   329
       Headbutt          |    12 |    20 |    29 |    68 |    13 ||   142
       Mace              |       |       |    25 |    47 |       ||    72
       War axe           |       |       |       |   233 |    82 ||   315
 Fire: Hand crossbow     |    26 |    16 |   145 |   191 |    41 ||   419
Throw: Boomerang         |       |       |       |       |     1 ||     1
Invok: Sacrifice Love    |     1 |       |       |       |       ||     1
       Sacrifice Resista |       |       |     1 |       |       ||     1
       Sacrifice Arcana  |       |       |     1 |       |       ||     1
       Reject Sacrifices |       |       |       |     1 |       ||     1
Evoke: Wand              |       |       |       |     3 |     4 ||     7
       Condenser vane    |       |       |       |       |     1 ||     1
  Use: Potion            |       |     2 |     3 |       |     2 ||     7
       Scroll            |       |       |     6 |     7 |     1 ||    14
 Stab: Sleeping          |     1 |     1 |     2 |     4 |     1 ||     9
       Invisible         |       |       |     1 |     5 |     1 ||     7
       Paralysed         |       |       |       |     2 |     1 ||     3
       Distracted        |       |       |       |     2 |       ||     2
Armor: Leather armour    |    15 |    22 |    23 |    56 |    15 ||   131
Dodge: Dodged            |    52 |    54 |    86 |   195 |    62 ||   449
Block: Other             |       |       |    27 |    62 |    15 ||   104
       Reflection        |       |       |     2 |     1 |       ||     3
